 Dungeon Crawl Stone Soup version 0.27-a0-1188-g73eefd5def (webtiles) character file.

Game seed: 3986721061855098498

3064 mandarbmax the Grappler (level 9, -2/89 HPs)
             Began as a Troll Monk on May 21, 2021.
             Succumbed to a hornet's poison
             ... on level 7 of the Dungeon.
             The game lasted 00:15:34 (5375 turns).

mandarbmax the Grappler (Troll Monk)                Turns: 5375, Time: 00:15:34

Health: -2/89      AC:  8    Str: 23 (24) XL:     9   Next: 57%
Magic:  8/8        EV: 10    Int:  7 (8)  God:
Gold:   386        SH:  4    Dex:  9 (12) Spells: 8/8 levels left

rFire    . . .     SeeInvis .     - Unarmed
rCold    . . .     Faith    .   (no shield)
rNeg     . . .     Spirit   .   a - +0 robe
rPois    .         Reflect  .   (helmet restricted)
rElec    .         Harm     .   (no cloak)
rCorr    .         Rampage  .   (gloves unavailable)
Will     .....                  (boots unavailable)
Stlth    +.........             (no amulet)
HPRegen  1.24/turn              l - +4 ring of protection
MPRegen  0.11/turn              (no ring)

@: lethally poisoned (-2 -> -9), slowed, very slow
A: large, unfitting armour, claws 3, regeneration 1, shaggy fur 1, tough skin 1,
large bone plates 1, clever 1, subdued magic 1
a: no special abilities


You were on level 7 of the Dungeon.
You visited 2 branches of the dungeon, and saw 8 of its levels.

You collected 386 gold pieces.

Inventory:

Missiles
 p - 4 curare-tipped darts
 q - 6 poisoned darts (quivered)
Armour
 a - a +0 robe (worn)
Jewellery
 l - a +4 ring of protection (left claw)
Wands
 m - a wand of polymorph (7)
Scrolls
 b - 2 scrolls of amnesia
 e - 2 scrolls of enchant weapon
 n - a scroll of identify
Potions
 c - a potion of resistance
 g - 2 potions of haste
 h - a potion of attraction {unknown}
 o - a potion of might {unknown}
 r - a potion of ambrosia {unknown}
 s - a potion of mutation


   Skills:
 + Level 6.1 Fighting
 - Level 5.7 Throwing
 - Level 3.0 Dodging
 - Level 1.0 Stealth
 - Level 10.0 Unarmed Combat


You had 8 spell levels left.
You didn't know any spells.
Your spell library contained the following spells:

 Spells                   Type           Power      Damage    Failure   Level
 Corona                   Hex            0%         N/A       38%         1
 Foxfire                  Conj/Fire      0%         2x1d4     38%         1
 Slow                     Hex            0%         N/A       52%         2
 Conjure Flame            Conj/Fire      0%         6-21      77%         3
 Inner Flame              Hex/Fire       0%         N/A       77%         3
 Portal Projectile        Hex/Tloc       0%         N/A       77%         3
 Cause Fear               Hex            0%         N/A       99%         4
 Leda's Liquefaction      Hex/Erth       0%         N/A       99%         4
 Sticky Flame             Conj/Fire      0%         2d3       99%         4
 Fireball                 Conj/Fire      0%         3d3       100%        5


Dungeon Overview and Level Annotations

Branches:
Dungeon (7/15)             Temple (1/1) D:5

Altars:
Ashenzari
Cheibriados
Dithmenos
Fedhas
Gozag
Hepliaklqana
Kikubaaqudgha
Makhleb
Nemelex Xobeh
Qazlal
Ru
Sif Muna
Trog
Uskayaw
Vehumet
Xom
Yredelemnul
Zin
The Shining One

Shops:
D:4 (


Innate Abilities, Weirdness & Mutations

You are too large for most types of armour.
You have claws for hands.
Your natural rate of healing is unusually fast.
You are covered in fur. (AC +1)
You have tough skin. (AC +1)
You are partially covered in large bone plates. (SH +4)
Your mind is acute. (Int +2)
Your spells are a little easier to cast, but a little less powerful.


Message History

Your magical contamination has completely faded away.
Unknown command.
Aiming: Polymorph
Press: ? - help, Shift-Dir - straight line, f/p - hornet
Aim: a hornet (will become an acid dragon, a tengu, or a killer bee, chance to affect: 37%)
The hornet easily resists.
The hornet stings you but does no damage.
The hornet closely misses you.
You mangle the hornet!!
The hornet is severely wounded.
You block the hornet's attack.
The hornet stings you but does no damage.
You claw the hornet!
The hornet is almost dead.
The hornet stings you!
* * * LOW HITPOINT WARNING * * *
You are poisoned.
You feel as though you will be slow longer.
The hornet stings you!
* * * LOW HITPOINT WARNING * * *
You feel as though you will be slow longer.
You miss the hornet.
The hornet is almost dead.
You feel very sick. The hornet barely misses you.
The hornet closely misses you.
Unknown command.
You barely miss the hornet.
The hornet is almost dead.
You feel sick. The hornet closely misses you.
Unknown command.
You barely miss the hornet.
The hornet is almost dead.
You feel sick. The hornet misses you. The hornet stings you!
* * * LOW HITPOINT WARNING * * *
You are lethally poisoned!
You feel as though you will be slow longer.
Unknown command.
You scratch the hornet but do no damage.
The hornet is almost dead.
You die...

#...........#..######.#...#..#)#
#...........#........#.######...
#...........+..######.#...#..#.#
#...........#..# ##.#....8.....
#...........#..# ##.#...........
#...........#..###.#.....8......
########'##+##..##.#.............
#...............#y#........8.....
#...............@#...............
#...............#..).............
#................#############...
#.............<..# ##..
#................# #..
#................# #..
#......########### #.. #......#
#.. #......# #..


You could see a hornet.

Vanquished Creatures
  A centaur zombie (D:5)
  Grinder (D:3)
  A steam dragon (D:7)
  An acid dragon (D:7)
  A water moccasin (D:6)
  An ice beast (D:7)
  An orc warrior (D:6)
  A necrophage (D:6)
  A black bear (D:3)
  2 sky beasts
  3 ogres
  A phantom (D:5)
  A centaur (D:6)
  A kobold brigand (D:5)
  2 bullfrogs
  A scorpion (D:6)
  4 wights (D:6)
  4 orc priests
  3 hounds
  A gnoll shaman (D:6)
  3 iguanas
  7 orc wizards
  Terence (D:3)
  A killer bee zombie (D:7)
  7 gnolls
  3 howler monkey skeletons
  2 adders
  An ufetubus (D:6)
  2 worms (D:4)
  A dart slug (D:2)
  22 orcs
  6 ball pythons
  6 bats
  10 endoplasms
  4 giant cockroaches
  7 goblins
  7 hobgoblins
  12 jackals
  2 quokkas
  2 frilled lizards
  11 kobolds
  6 rats
155 creatures vanquished.

Notes
Turn   | Place    | Note
-------+----------+-------------------------------------------
     0 | D:1      | mandarbmax the Troll Monk began the quest for the Orb.
     0 | D:1      | Reached XP level 1. HP: 22/22 MP: 0/0
   122 | D:1      | Reached XP level 2. HP: 29/29 MP: 1/1
   636 | D:2      | Reached XP level 3. HP: 37/37 MP: 2/2
   794 | D:2      | Reached skill level 4 in Unarmed Combat
  1264 | D:3      | Reached XP level 4. HP: 45/45 MP: 3/3
  1399 | D:3      | Noticed Terence
  1405 | D:3      | Killed Terence
  1438 | D:3      | Noticed Grinder
  1449 | D:3      | Killed Grinder
  1450 | D:3      | Reached skill level 6 in Unarmed Combat
  1450 | D:3      | Reached XP level 5. HP: 22/53 MP: 4/4
  1450 | D:3      | Reached XP level 6. HP: 25/61 MP: 5/5
  1739 | D:3      | Reached skill level 7 in Unarmed Combat
  2222 | D:4      | Reached XP level 7. HP: 67/67 MP: 6/6
  2311 | D:4      | Found a broken altar of Ashenzari.
  2322 | D:4      | Found Eheugri's Weapon Shop.
  2411 | D:4      | Reached skill level 8 in Unarmed Combat
  2419 | D:4      | Found a hazy altar of Hepliaklqana.
  2519 | D:4      | Found an opulent altar of Gozag.
  2642 | D:5      | Entered Level 5 of the Dungeon
  2834 | D:5      | Reached skill level 9 in Unarmed Combat
  2834 | D:5      | Reached XP level 8. HP: 71/75 MP: 7/7
  3058 | D:5      | Reached skill level 10 in Unarmed Combat
  3213 | D:5      | Found a staircase to the Ecumenical Temple.
  3217 | D:5      | Found a faded altar of an unknown god.
  3224 | Temple   | Entered the Ecumenical Temple
  3420 | D:5      | Reached skill level 1 in Throwing
  3938 | D:6      | Reached XP level 9. HP: 85/85 MP: 8/8
  4054 | D:6      | Reached skill level 5 in Fighting
  4984 | D:7      | Reached skill level 5 in Throwing
  5312 | D:7      | Paralysed by a hornet for 1 turns
  5327 | D:7      | Gained mutation: Your mind is acute. (Int +2) [potion of
                  | mutation]
  5327 | D:7      | Gained mutation: Your spells are a little easier to cast,
                  | but a little less powerful. [potion of mutation]
  5327 | D:7      | Gained mutation: You are partially covered in large bone
                  | plates. (SH +4) [potion of mutation]
  5329 | D:7      | Paralysed by a hornet for 2 turns
  5374 | D:7      | HP: 1/89 [hornet (10)]
  5375 | D:7      | Succumbed to a hornet's poison

Illustrated notes

Levels and vault maps discovered:
D:1:      wheals_arrival_shading, layout_rooms, minmay_misc_feat_columns,
          minmay_misc_feat_room, st_stairs_1
D:2:      layout_basic, corexii_item_surrounded_by_moat
D:3:      layout_loops_ring, hangedman_glass_teeth, uniq_grinder, uniq_terence
D:4:      layout_rooms, nicolae_gozag_cash_rules_everything_around_me,
          amcnicky_altar_gilded, worldfamousw_hep_ancestral_shrine,
          serial_shops, nicolae_shop_competitors_out_of_business
D:5:      layout_basic, nicolae_temple_entry_ecumenical
D:6:      layout_basic, nicolae_water_bricks
D:7:      wad_pebble_path, layout_gridville, nicolae_wu_jian_immortal_techniques
Temple:   lightli_temple_of_artemis

Skill      XL: |  1  2  3  4  5  6  7  8  9 |
---------------+----------------------------+-----
Fighting       | 3 4 6 |  6.1
Unarmed Combat | 4 6 7 9 10 | 10.0
Dodging        | 3 |  3.0
Throwing       | 3 5 |  5.7
Stealth        | |  1.0

Action                   |  1- 3 |  4- 6 |  7- 9 || total
-------------------------+-------+-------+-------++-------
Melee: Unarmed           |    86 |    89 |   276 ||   451
       Punch             |       |     3 |     9 ||    12
Throw: Dart              |       |       |    31 ||    31
Evoke: Wand              |       |       |     3 ||     3
  Use: Potion            |       |     2 |     8 ||    10
       Scroll            |       |       |    13 ||    13
 Stab: Sleeping          |     2 |     1 |     1 ||     4
Armor: Robe              |    36 |    16 |    98 ||   150
       Skin              |       |     1 |       ||     1
Dodge: Dodged            |    49 |    37 |   101 ||   187
Block: Other             |       |       |     2 ||     2

Table legend: (Time is in decaauts)
 A = Elapsed time spent in this place.
 B = Non-inter-level travel time spent in this place.
 C = Inter-level travel time spent in this place.
 D = Time resting spent in this place.
 E = Time spent auto-exploring this place.
 F = Levels seen in this place.
 G = Mean time per level.
                   A        B        C        D        E       F      G
               +--------+--------+--------+--------+--------+-----+--------+
         Total |   5286 |   5073 |    213 |    131 |   3843 |   8 |  660.8 |
       Dungeon |   5150 |   4973 |    177 |    131 |   3766 |   7 |  735.7 |
        Temple |    136 |    100 |     36 |      0 |     77 |   1 |  136.0 |
               +--------+--------+--------+--------+--------+-----+--------+

Top non-repeatable levels by time:
     D:6: 1282 daAuts
     D:5: 837 daAuts
     D:2: 788 daAuts
     D:3: 777 daAuts
     D:4: 596 daAuts
     D:1: 441 daAuts
     D:7: 425 daAuts
  Temple: 136 daAuts
